 Dungeon Crawl Stone Soup version 0.21-a0-525-ga34b322 (webtiles) character file.

8 Amnesiac the Shooter (level 2, 0/22 HPs)
             Began as a Mummy Hunter on Dec 7, 2017.
             Slain by a jackal (1 damage)
             ... on level 1 of the Dungeon.
             The game lasted 00:00:23 (274 turns).

Amnesiac the Shooter (Mummy Hunter)                  Turns: 274, Time: 00:00:23

Health: 0/22       AC:  3    Str: 15    XL:     2   Next: 0%
Magic:  2/2        EV: 11    Int: 10    God:
Gold:   27         SH:  0    Dex: 12    Spells: 1/1 levels left

rFire    x . .     SeeInvis .   b - +0 short sword
rCold    + . .     Gourm    .   (no shield)
rNeg     + + +     Faith    .   c - +0 leather armour
rPois    ∞         Spirit   .   (no helmet)
rElec    .         Reflect  .   (no cloak)
rCorr    .         Harm     .   (no gloves)
MR       .....                  (no boots)
Stlth    +.........             (no amulet)
HPRegen  0.07/turn              (no ring)
MPRegen  0.08/turn              (no ring)

@: no status effects
A: no food or potions, fire vulnerability, cold resistance 1, negative energy
resistance 3, torment resistance, unbreathing
a: no special abilities


You were on level 1 of the Dungeon.
You were not hungry.

You visited 1 branch of the dungeon, and saw 1 of its levels.

You collected 27 gold pieces.

Inventory:

Hand Weapons
 a - a +1 shortbow
 b - a +0 short sword (weapon)
Missiles
 d - 11 arrows
 f - 5 poisoned needles
Armour
 c - a +0 leather armour (worn)
Jewellery
 g - an uncursed amulet of regeneration {unknown}
Scrolls
 e - a scroll of magic mapping {!r, unknown}


   Skills:
 - Level 2.0 Fighting
 - Level 3.2 Bows
 + Level 1.3 Armour
 - Level 1.5 Dodging
 - Level 0.7 Stealth


You had one spell level left.
You didn't know any spells.

Dungeon Overview and Level Annotations

Branches:
Dungeon (1/15)

Altars:


Innate Abilities, Weirdness & Mutations

You do not eat or drink.
Your flesh is vulnerable to fire.
You are immune to poison.
Your flesh is cold resistant. (rC+)
You are immune to negative energy. (rN+++)
You are immune to unholy pain and torment.
You can survive without breathing.


Message History

You kill the hobgoblin!
A frilled lizard comes into view.
The frilled lizard hisses angrily.
Found 12 gold pieces.
Firing (i - inventory):
d - 13 arrows (quivered)
Press: ? - help, Shift-Dir - straight line, f - frilled lizard
Aim: a frilled lizard You shoot an arrow.
The arrow closely misses the frilled lizard.
A frilled lizard is nearby!
Firing (i - inventory):
d - 12 arrows (quivered)
Press: ? - help, Shift-Dir - straight line, f/p - frilled lizard
Aim: a frilled lizard You shoot an arrow.
The arrow misses the frilled lizard.
A frilled lizard is nearby!
Firing (i - inventory):
d - 11 arrows (quivered)
Press: ? - help, Shift-Dir - straight line, f/p - frilled lizard
Aim: a frilled lizard You shoot an arrow.
The arrow hits the frilled lizard.
You kill the frilled lizard!
You have reached level 2!
b - a +0 short sword (weapon)
Found a murky amethyst potion.
d - 11 arrows (gained 1)
You see here a hobgoblin corpse. 2 jackals come into view.
The jackal barks!
You hear a bark! x2
There are monsters nearby!
You see here an arrow.
There are monsters nearby!
You barely miss the jackal.
A jackal comes into view.
There are monsters nearby!
You closely miss the jackal.
The jackal barks!
You hear a bark!
The jackal closely misses you. The jackal misses you.
A jackal comes into view.
You hit the jackal.
The jackal is heavily wounded.
The jackal bites you. x2
You barely miss the jackal.
The jackal is heavily wounded.
The jackal bites you. The jackal closely misses you. The jackal bites you.
You hit the jackal but do no damage.
The jackal is heavily wounded.
The jackal closely misses you. The jackal bites you.
You closely miss the jackal.
The jackal is heavily wounded.
The jackal bites you.
* * * LOW HITPOINT WARNING * * *
The jackal bites you.
* * * LOW HITPOINT WARNING * * *
The jackal barely misses you. The jackal bites you.
* * * LOW HITPOINT WARNING * * *
The jackal bites you.
* * * LOW HITPOINT WARNING * * *
Found 23 stones.
The jackal bites you.
* * * LOW HITPOINT WARNING * * *
The jackal barely misses you. The jackal bites you.
* * * LOW HITPOINT WARNING * * *
The jackal bites you.
You die...

.....##.##.(# . #
#.$((......##
.#.##.#.........#
..........⌠....#
#(((.....!#
#......###.
#..†)h## ##..hhh#
#.....@##
....###....### ####
#.#.##...# #.##.#
#.## # #.##.# #.# ≈
#.##.# #.# # ###
#.##.###.####.##
...
#.##............
##.##.######.####.#
#


You could see 4 jackals.

Vanquished Creatures
  3 hobgoblins (D:1)
  2 frilled lizards (D:1)
  3 kobolds (D:1)
  A rat (D:1)
9 creatures vanquished.

Notes
Turn   | Place    | Note
-------+----------+-------------------------------------------
     0 | D:1      | Amnesiac the Mummy Hunter began the quest for the Orb.
     0 | D:1      | Reached XP level 1. HP: 16/16 MP: 1/1
   164 | D:1      | Reached skill level 1 in Armour
   258 | D:1      | Reached XP level 2. HP: 22/22 MP: 2/2
   273 | D:1      | HP: 1/22 [jackal (2)]
   274 | D:1      | Slain by a jackal

Vault maps used:
D:1:      eino_arrival_water_cross, hangedman_feature_mirror,
          hangedman_glass_teeth, minmay_misc_feat_pillars

Skill      XL: |  1 |
---------------+----+-----
Armour         | 1 |  1.3
Fighting       | |  2.0
Bows           | |  3.2
Dodging        | |  1.5
Stealth        | |  0.7

Action                   || total
-------------------------++-------
Melee: Short sword       ||     6
 Fire: Shortbow          ||    19
Armor: Leather armour    ||     1
Dodge: Dodged            ||     7

Table legend:
 A = Spawn XP
 B = Non-spawn XP
 C = Spawn XP percentage of total XP
 D = Spawn monster count
 E = Non-spawn monster count
 F = Spawn count percentage of total count
 G = Total turns spent on level
                    A         B        C        D         E        F      G
               +---------+---------+-------+---------+---------+-------+---------
         Total |       0 |      12 |   0.0 |       0 |       9 |   0.0 |   274
               +---------+---------+-------+---------+---------+-------+---------
           D:1 |       0 |      12 |   0.0 |       0 |       9 |   0.0 |   274
               +---------+---------+-------+---------+---------+-------+---------
